 Dungeon Crawl Stone Soup version 0.16.0 (webtiles) character file.

5474 Econoterrorist the Cruncher (level 10, -2/88 HPs)
             Began as a Minotaur Gladiator on Mar 15, 2015.
             Was a Priest of Okawaru.
             Slain by a skeletal warrior
             ... wielding a +0 halberd
              (14 damage)
             ... on level 8 of the Dungeon.
             The game lasted 00:30:11 (6992 turns).

Econoterrorist the Cruncher (Minotaur Gladiator)    Turns: 6992, Time: 00:30:12

Health: -2/88      AC: 14    Str: 20    XL:     10   Next: 42%
Magic:  13/13      EV: 10    Int:  8    God:    Okawaru [***...]
Gold:   427        SH:  0    Dex: 11    Spells: 0 memorised, 9 levels left

rFire  . . .     SeeInvis .     y - +3 quarterstaff (chaos)
rCold  . . .     Clarity  .     i - +0 chain mail (curse)
rNeg   . . .     SustAb   .     (no shield)
rPois  .         Gourm    .     k - +1 hat
rElec  .         Spirit   .     F - +0 cloak
rCorr  .         Warding  .     (no gloves)
rMut   .         Stasis   .     L - +0 pair of boots
MR     .....                    M - amulet of regeneration
Stlth  ..........               (no ring)
                                o - ring of magical power

@: not resistant to hostile enchantments, extremely unstealthy
A: retaliatory headbutt, horns 2
a: Heroism, Renounce Religion


You were on level 8 of the Dungeon.
You worshipped Okawaru.
Okawaru was most pleased with you.
You were not hungry.

You visited 2 branches of the dungeon, and saw 9 of its levels.
You also visited: Sewer.

You collected 427 gold pieces.

Inventory:

Hand weapons
 y - a +3 quarterstaff of chaos (weapon)
Armour
 i - a cursed +0 chain mail (worn)
 k - a +1 hat (worn)
 F - a +0 cloak (worn)
 L - a +0 pair of boots (worn)
Jewellery
 o - a ring of magical power (left hand)
 J - an uncursed amulet of clarity
 M - an amulet of regeneration (around neck)
Magical devices
 a - a wand of teleportation (4)
Scrolls
 h - 3 scrolls of enchant weapon {unknown}
 j - 3 scrolls of remove curse
 l - a scroll of blinking {unknown}
 m - 7 scrolls of teleportation
 n - 4 scrolls of identify
 p - 3 scrolls of enchant armour {unknown}
 r - 3 scrolls of magic mapping {unknown}
 u - 2 scrolls of random uselessness {unknown}
 v - 2 scrolls of noise {unknown}
 H - 2 scrolls of recharging {unknown}
 K - a scroll of fear {unknown}
 O - a scroll of fog {unknown}
 Q - a scroll of vulnerability {unknown}
Potions
 b - a potion of might {unknown}
 c - a potion of cancellation {unknown}
 e - 3 potions of resistance
 q - 5 potions of haste
 s - 5 potions of curing
 t - 3 potions of heal wounds
 w - 4 potions of flight
 x - a potion of degeneration {unknown}
 A - a potion of brilliance {unknown}
 C - a potion of lignification {unknown}
 D - a potion of poison {unknown}
 E - 2 potions of restore abilities
Books
 N - a book of Debilitation

   Spells                             Type                      Level
   a - Corona                         Hexes                        1
   b - Slow                           Hexes                        2
   c - Inner Flame                    Hexes/Fire                   3
   d - Enslavement                    Hexes                        4
   e - Cause Fear                     Hexes                        4
   f - Leda's Liquefaction            Hexes/Earth                  4
Comestibles
 f - 9 bread rations
 g - 4 meat rations
 z - 8 fruits
 B - 6 beef jerkies
 G - 8 slices of pizza
 I - a royal jelly


   Skills:
 + Level 7.9 Fighting
 - Level 14.2 Staves
 - Level 2.0 Throwing
 + Level 7.4 Armour
 + Level 5.6 Dodging


You had 9 spell levels left.
You didn't know any spells.

Dungeon Overview and Level Annotations

Branches:
Dungeon (8/15)             Temple (1/1) D:7            Lair (0/8) D:8

Altars:
Ashenzari
Cheibriados
Dithmenos
Elyvilon
Fedhas
Gozag
Kikubaaqudgha
Makhleb
Nemelex Xobeh
Okawaru
Qazlal
Ru
Sif Muna
Trog
Vehumet
Xom
Yredelemnul
Zin
The Shining One

Annotations:
D:6 1 runed door


Innate Abilities, Weirdness & Mutations

You reflexively headbutt those who attack you in melee.
You have a pair of horns on your head.


Message History

You see here a beef jerky.
You hit the skeletal warrior but do no damage.
You headbutt the skeletal warrior, but do no damage.
The skeletal warrior is moderately damaged.
You hit the skeletal warrior. You freeze the skeletal warrior.
You headbutt the skeletal warrior.
The skeletal warrior is heavily damaged.
The skeletal warrior hits you with a halberd!!
You hit the skeletal warrior but do no damage.
Your headbutt misses the skeletal warrior.
The skeletal warrior is heavily damaged.
The skeletal warrior hits you from afar with a halberd!!
* * * LOW HITPOINT WARNING * * *
A skeletal warrior comes into view. It is wielding a mace.
The skeletal warrior moves out of view.
The skeletal warrior closely misses you.
There is a stone staircase leading up here.
The skeletal warrior hits you but does no damage.
The skeletal warrior hits you from afar with a halberd!
You die...

#.#### #........P..P.
....# #.##.♣.P.♣.>PP #
.... # #......P.(P
#..###..##.#.##......P...
#............###.........
#.%# #.........(.
#.z######...........
#z........###....P..
#..z##@#####.###.......
#... #†##..............
#... #.##.##.#####.####
#.. #.##.##.# #.# #..
#.......# #.# .
####.##.## #.#
......#..####.#
............#..
........##.##.###


You could see 2 skeletal warriors.

Vanquished Creatures
  2 basilisks (D:8)
  A human (D:7)
  A wyvern (D:8)
  11 yaks
  A hungry ghost (D:8)
  2 porcupines (D:8)
  An ice beast (D:7)
  6 ogres
  3 crocodiles (D:8)
  3 centaurs
  3 giant frogs
  2 scorpions
  2 crimson imps
  2 goliath beetles
  A giant frog zombie (D:8)
  A centaur zombie (D:5)
  2 orc priests
  A jelly (D:6)
  Crazy Yiuf (D:4)
  3 centaur skeletons
  5 hounds
  9 orc wizards
  A quasit (D:6)
  A worker ant (D:7)
  2 iguanas
  A merfolk avatar (Sewer)
  3 sheep (D:7)
  A siren (Sewer)
  Jessica (D:2)
  A hound zombie (D:8)
  A mummy (D:5)
  7 gnolls
  13 adders
  8 river rats
  A shadow imp (D:5)
  A giant mite (Sewer)
  6 worms
  2 oozes (D:2)
  26 orcs
  10 ball pythons
  18 bats
  2 bat skeletons
  12 giant cockroaches
  15 goblins
  9 hobgoblins
  3 jackals (D:4)
  13 kobolds
  4 quokkas
  13 giant geckos
  A giant gecko zombie (D:5)
  12 giant newts
  A giant spore (D:8)
  A jackal skeleton (D:4)
  33 rats
  4 ballistomycetes (D:8)
290 creatures vanquished.

Vanquished Creatures (others)
  10 drowned souls (Sewer)
10 creatures vanquished.

Grand Total: 300 creatures vanquished

Notes
Turn   | Place    | Note
--------------------------------------------------------------
     0 | D:1      | Econoterrorist, the Minotaur Gladiator, began the quest for the Orb.
     0 | D:1      | Reached XP level 1. HP: 18/18 MP: 1/1
   142 | D:1      | Reached skill level 4 in Staves
   182 | D:1      | Reached XP level 2. HP: 25/25 MP: 1/1
   566 | D:2      | Reached skill level 5 in Staves
   566 | D:2      | Reached XP level 3. HP: 24/30 MP: 2/2
   756 | D:2      | Noticed Jessica
   760 | D:2      | HP: 1/30 [Jessica/nerve-wracking pain (12)]
   761 | D:2      | Killed Jessica
  1072 | D:2      | Reached skill level 6 in Staves
  1072 | D:2      | Reached XP level 4. HP: 34/37 MP: 2/2
  1553 | D:3      | Noticed an ogre
  1563 | D:3      | Killed an ogre
  1563 | D:3      | Reached skill level 7 in Staves
  1563 | D:3      | Reached XP level 5. HP: 42/42 MP: 2/2
  1672 | D:3      | Found a glowing drain.
  1734 | Sewer    | Entered a sewer
  1891 | Sewer    | Reached skill level 8 in Staves
  1928 | Sewer    | Reached XP level 6. HP: 50/50 MP: 3/3
  2048 | Sewer    | Noticed a drowned soul
  2048 | Sewer    | Killed a drowned soul
  2049 | Sewer    | Noticed a drowned soul
  2049 | Sewer    | Noticed a drowned soul
  2050 | Sewer    | Noticed a drowned soul
  2051 | Sewer    | Noticed a drowned soul
  2051 | Sewer    | Noticed a drowned soul
  2051 | Sewer    | Killed a drowned soul
  2052 | Sewer    | Killed a drowned soul
  2054 | Sewer    | Noticed a drowned soul
  2054 | Sewer    | Noticed a drowned soul
  2055 | Sewer    | Killed a drowned soul
  2055 | Sewer    | Killed a drowned soul
  2057 | Sewer    | Noticed a drowned soul
  2058 | Sewer    | Noticed a drowned soul
  2059 | Sewer    | Noticed a drowned soul
  2061 | Sewer    | Killed a drowned soul
  2062 | Sewer    | Killed a drowned soul
  2062 | Sewer    | Killed a drowned soul
  2064 | Sewer    | Noticed a drowned soul
  2064 | Sewer    | Noticed a drowned soul
  2064 | Sewer    | Killed a drowned soul
  2065 | Sewer    | Noticed a drowned soul
  2065 | Sewer    | Noticed a drowned soul
  2065 | Sewer    | Killed a drowned soul
  2066 | Sewer    | Noticed a drowned soul
  2532 | D:3      | Noticed a centaur
  2535 | D:3      | Found an ancient bone altar of Kikubaaqudgha.
  2540 | D:3      | Killed a centaur
  2540 | D:3      | Reached skill level 9 in Staves
  2926 | D:4      | Found a basalt altar of Yredelemnul.
  2962 | D:4      | Found a shimmering altar of Xom.
  2978 | D:4      | Found a glowing golden altar of the Shining One.
  2991 | D:4      | Found a sparkling altar of Nemelex Xobeh.
  3003 | D:4      | Found a bloodstained altar of Trog.
  3085 | D:4      | Reached XP level 7. HP: 39/56 MP: 3/3
  3255 | D:4      | Reached skill level 10 in Staves
  3399 | D:4      | Found an opulent altar of Gozag.
  3405 | D:4      | Found a blossoming altar of Fedhas.
  3411 | D:4      | Found a shattered altar of Ashenzari.
  3503 | D:4      | Found a deep blue altar of Sif Muna.
  3821 | D:4      | Noticed Crazy Yiuf
  3828 | D:4      | Killed Crazy Yiuf
  3891 | D:4      | Reached skill level 11 in Staves
  4142 | D:5      | Entered Level 5 of the Dungeon
  4335 | D:5      | Reached XP level 8. HP: 58/62 MP: 3/3
  4613 | D:5      | Reached skill level 12 in Staves
  5005 | D:5      | Reached skill level 1 in Armour
  5108 | D:6      | Found a white marble altar of Elyvilon.
  5124 | D:6      | Found a runed door.
  5124 | D:6      | Noticed an angel
  5125 | D:6      | Found a white marble altar of Elyvilon.
  5154 | D:6      | Found a glowing silver altar of Zin.
  5635 | D:7      | Found a staircase to the Ecumenical Temple.
  5653 | D:7      | Reached skill level 13 in Staves
  5663 | Temple   | Entered the Ecumenical Temple
  5691 | Temple   | Became a worshipper of Warmaster Okawaru
  5757 | D:7      | Reached XP level 9. HP: 67/71 MP: 4/4
  5887 | D:7      | Found a shadowy altar of Dithmenos.
  5981 | D:7      | Found a bloodstained altar of Trog.
  6163 | D:7      | Reached skill level 5 in Fighting
  6527 | D:8      | Acquired Okawaru's first power
  6570 | D:8      | Reached skill level 5 in Armour
  6659 | D:8      | Reached skill level 14 in Staves
  6687 | D:8      | Reached XP level 10. HP: 54/84 MP: 4/4
  6740 | D:8      | Reached skill level 5 in Dodging
  6845 | D:8      | Found a staircase to the Lair.
  6974 | D:8      | Noticed a skeletal warrior
  6983 | D:8      | Noticed a skeletal warrior
  6983 | D:8      | Noticed a skeletal warrior
  6984 | D:8      | Noticed a skeletal warrior
  6990 | D:8      | Noticed a skeletal warrior
  6992 | D:8      | Slain by a skeletal warrior

Action                   |  1- 3 |  4- 6 |  7- 9 | 10-12 || total
-------------------------+-------+-------+-------+-------++-------
Melee: Quarterstaff      |    81 |   197 |   297 |    70 ||   645
Throw: Throwing net      |       |     1 |     1 |     1 ||     3
  Use: Scroll            |       |     2 |     4 |       ||     6
 Stab: Held in net/web   |       |       |     1 |       ||     1
       Paralysed         |       |       |     1 |       ||     1
       Petrifying        |       |       |     1 |       ||     1
  Eat: Beef jerky        |       |     1 |       |       ||     1
       Chunk             |       |     6 |    11 |     2 ||    19
